 Dungeon Crawl Stone Soup version 0.26-a0-651-gb41185065b (webtiles) character file.

Game seed: 7132184553620789961

38 Lanoc the Charlatan (level 3, -4/24 HPs)
             Began as an Octopode Artificer on Oct 11, 2020.
             Was a Follower of Zin.
             Killed from afar by Sigmund (8 damage)
             ... with a puff of flame
             ... on level 2 of the Dungeon.
             The game lasted 00:01:13 (997 turns).

Lanoc the Charlatan (Octopode Artificer)             Turns: 997, Time: 00:01:13

Health: -4/24      AC:  1    Str: 11    XL:     3   Next: 43%
Magic:  3/3        EV: 14    Int: 13    God:    Zin [*.....]
Gold:   35         SH:  0    Dex: 13    Spells: 2/2 levels left

rFire    . . .     SeeInvis .   a - +0 club
rCold    . . .     Faith    .   (no shield)
rNeg     . . .     Spirit   .   (helmet restricted)
rPois    .         Reflect  .   (no amulet)
rElec    .         Harm     .   (no ring)
rCorr    .         Rampage  .   (no ring)
MR       .....                  (no ring)
Stlth    +++.......             (no ring)
HPRegen  0.08/turn              (no ring)
MPRegen  0.08/turn              (no ring)
                                (no ring)
                                (no ring)

@: no status effects
A: almost no armour, stealthy swim, amphibious, 8 rings, constrict 8, camouflage
1, gelatinous body 1
a: Recite, Donate Gold, Renounce Religion


You were on level 2 of the Dungeon.
You worshipped Zin.
Zin was aware of your devotion.
You visited 1 branch of the dungeon, and saw 2 of its levels.

You collected 38 gold pieces.
You donated 3 gold pieces to Zin.

Inventory:

Hand Weapons
 a - a +0 club (weapon)
Wands
 b - a wand of flame (10)
 c - a wand of enslavement (15)
 d - a wand of random effects (15)
Scrolls
 e - a scroll of remove curse {unknown}
Potions
 f - a potion of stabbing {unknown}


   Skills:
 + Level 1.7 Fighting
 + Level 2.8 Dodging
 - Level 1.3 Stealth
 * Level 4.1 Evocations


You had 2 spell levels left.
You didn't know any spells.
Your spell library was empty.

Dungeon Overview and Level Annotations

Branches:
Dungeon (2/15)

Altars:
Zin

Annotations:
D:2 Sigmund


Innate Abilities, Weirdness & Mutations

You cannot wear most types of armour.
You are very stealthy in the water. (Stealth+)
You are amphibious.
You can wear up to eight rings at the same time.
You can use your tentacles to constrict eight enemies at once.
Your skin changes colour to match your surroundings (Stealth+).
Your rubbery body absorbs attacks. (AC +1, EV +1)


Message History

Aiming: Throw Flame
Press: ? - help, Shift-Dir - straight line, f/p - Sigmund
Aim: Sigmund, wielding a +2 scythe of protection and wearing a +0 robe (heavily wounded)
The puff of flame hits Sigmund.
Sigmund is heavily wounded.
Evoke which item? (* to show all) (? for menu, Esc to quit)
Aiming: Throw Flame
Press: ? - help, Shift-Dir - straight line, f/p - Sigmund
Aim: Sigmund, wielding a +2 scythe of protection and wearing a +0 robe (heavily wounded)
The puff of flame hits Sigmund.
Sigmund is severely wounded.
Sigmund gestures wildly while chanting.
Sigmund flickers and vanishes!
Deactivating autopickup; reactivate with Ctrl-A.
A puff of flame appears from out of thin air!
The puff of flame hits you!
* * * LOW HITPOINT WARNING * * *
A puff of flame appears from out of thin air!
The puff of flame hits you!
You die...

. ... #.#.# ##..
#.#{##..... #......# #.#
#. #.# #... #.# #...
..######.### #...#
.......@..(######...####
..###...##..............
#>.................. #
#....#..............
.#.#..#.#.####.......##
..........###.........#
.#.......##.........#
#.#..#.##.##.........#
#......##.##........##


There were no monsters in sight!

Vanquished Creatures
  Terence (D:2)
  An ooze (D:1)
  A ball python (D:1)
  A goblin (D:2)
  A hobgoblin (D:2)
  A bat (D:2)
  2 kobolds (D:2)
  2 rats (D:2)
10 creatures vanquished.

Notes
Turn   | Place    | Note
-------+----------+-------------------------------------------
     0 | D:1      | Lanoc the Octopode Artificer began the quest for the Orb.
     0 | D:1      | Reached XP level 1. HP: 13/13 MP: 1/1
   163 | D:2      | Found a faded altar of an unknown god.
   167 | D:2      | Reached XP level 2. HP: 17/18 MP: 2/2
   187 | D:2      | Became a worshipper of Zin the Law-Giver
   187 | D:2      | Reached * piety under Zin
   636 | D:2      | Noticed Terence
   646 | D:2      | Zin protects you from harm!
   648 | D:2      | Killed Terence
   648 | D:2      | Reached skill level 4 in Evocations
   648 | D:2      | Reached XP level 3. HP: 1/24 MP: 3/3
   988 | D:2      | Noticed Sigmund
   997 | D:2      | Killed from afar by Sigmund

Illustrated notes

Levels and vault maps discovered:
D:1:      wheals_arrival_linesprint, layout_rooms
D:2:      layout_loops_cross, yredelemnul_altar_generic,
          chequers_ecumenical_altar_island, hex_tiny, uniq_jessica,
          uniq_sigmund, uniq_terence

Skill      XL: |  1  2 |
---------------+-------+-----
Evocations     | 4 |  4.1
Fighting       | |  1.7
Dodging        | |  2.8
Stealth        | |  1.3

Action                   || total
-------------------------++-------
Melee: Club              ||    36
       Tentacles         ||     6
       Constrict         ||     6
Invok: Recite            ||     1
Evoke: Wand              ||     5
 Stab: Sleeping          ||     1
Armor: Skin              ||     1
Dodge: Dodged            ||    26

Table legend: (Time is in decaauts)
 A = Elapsed time spent in this place.
 B = Non-inter-level travel time spent in this place.
 C = Inter-level travel time spent in this place.
 D = Time resting spent in this place.
 E = Time spent auto-exploring this place.
 F = Levels seen in this place.
 G = Mean time per level.
                   A        B        C        D        E       F      G
               +--------+--------+--------+--------+--------+-----+--------+
         Total |   1007 |   1005 |      2 |      0 |    897 |   2 |  503.5 |
       Dungeon |   1007 |   1005 |      2 |      0 |    897 |   2 |  503.5 |
               +--------+--------+--------+--------+--------+-----+--------+

Top non-repeatable levels by time:
     D:2: 872 daAuts
     D:1: 134 daAuts
